 Dungeon Crawl Stone Soup version 0.25-a0-865-gd392131cc7 (webtiles) character file.

Game seed: 14849996657951081410, levelgen mode: deterministic

78 Chiseanne the Magician (level 4, -2/30 HPs)
             Began as a Demonspawn Wizard on Apr 30, 2020.
             Slain by a gnoll
             ... wielding a +2 whip of electrocution
              (6 damage)
             ... on level 2 of the Dungeon.
             The game lasted 00:03:37 (2691 turns).

Chiseanne the Magician (Demonspawn Wizard)          Turns: 2691, Time: 00:03:38

Health: -2/30      AC:  2    Str: 13    XL:     4   Next: 15%
Magic:  0/9        EV: 12    Int: 25    God:
Gold:   83         SH:  0    Dex: 11    Spells: 4/10 levels left

rFire    . . .     SeeInvis .   f - +0 dagger (flame)
rCold    . . .     Gourm    .   (no shield)
rNeg     . . .     Faith    .   a - +0 robe
rPois    .         Spirit   +   b - +0 hat
rElec    .         Reflect  .   (no cloak)
rCorr    .         Harm     .   (no gloves)
MR       .....                  (no boots)
Stlth    ++........             (no amulet)
HPRegen  0.10/turn              s - +5 ring of strength
MPRegen  0.11/turn              p - +5 ring of intelligence

@: no status effects
A: claws 1, magic shield, rot immunity
a: no special abilities


You were on level 2 of the Dungeon.
You were not hungry.

You visited 1 branch of the dungeon, and saw 3 of its levels.

You collected 83 gold pieces.

Inventory:

Hand Weapons
 f - a +0 dagger of flaming (weapon)
Missiles
 e - 49 stones (quivered)
 i - 28 arrows
Armour
 a - a +0 robe (worn)
 b - a +0 hat (worn)
Jewellery
 p - a +5 ring of intelligence (right claw)
 s - a +5 ring of strength (left claw)
Scrolls
 h - 2 scrolls of blinking
Potions
 c - a potion of cancellation {unknown}
 j - a potion of heal wounds
 k - 2 potions of brilliance {unknown}
 l - 2 potions of mutation {unknown}
 o - a potion of flight {unknown}
Comestibles
 d - 2 rations


   Skills:
 - Level 1.7 Dodging
 - Level 1.7 Stealth
 * Level 3.9 Spellcasting
 * Level 2.9 Conjurations
   Level 1.0 Summonings
 - Level 0.8 Translocations


You had 4 spell levels left.
You knew the following spells:

 Your Spells              Type           Power        Failure   Level  Hunger
a - Magic Dart            Conj           ###.         2%          1    None
b - Blink                 Tloc           N/A          10%         2    #......
d - Mephitic Cloud        Conj/Pois/Air  #.......     19%         3    ##.....

Your spell library contained the following spells:

 Spells                   Type           Power        Failure   Level  Hunger
 Call Imp                 Summ           ##......     9%          2    #......
 Slow                     Hex            #.......     14%         2    #......
 Conjure Flame            Conj/Fire      ##......     16%         3    ##.....


Dungeon Overview and Level Annotations

Branches:
Dungeon (3/15)

Altars:

Annotations:
D:3 Ijyb


Innate Abilities, Weirdness & Mutations

You have sharp fingernails.
When hurt, damage is shared between your health and your magic reserves.
You are immune to rotting.


Message History

Casting: Magic Dart (safe; 2% risk of failure)
Confirm with . or Enter, or press ? or * to list all spells.
Aiming: Magic Dart (safe; 2% risk of failure)
Press: ? - help, Shift-Dir - straight line, f - gnoll
Aim: a gnoll, wielding a +2 whip of electrocution The magic dart hits the gnoll.
The gnoll is lightly wounded.
The gnoll hits you with a +2 whip of electrocution.
You are electrocuted!!
Ouch! That really hurt!
* * * LOW HITPOINT WARNING * * *
Casting: Magic Dart (safe; 2% risk of failure)
Confirm with . or Enter, or press ? or * to list all spells.
Aiming: Magic Dart (safe; 2% risk of failure)
Press: ? - help, Shift-Dir - straight line, f/p - gnoll
Aim: a gnoll, wielding a +2 whip of electrocution (lightly wounded)
The magic dart hits the gnoll.
The gnoll is moderately wounded.
The gnoll hits you with a +2 whip of electrocution.
You die...

........# #.##.#.###..##.# #.....
###########.##........##.# #.....
..######....####.####.##.# #.....
.......#.#..####.####.##.###.....
.......#.#.......)........##.....
......<#.#................###....
#........#..#####..##.###.#######
#........#..######.##.###.....#
#...........>...@g..#.......#.#
#.............#####.#.#####.#.#
#.......#####.# #...# #.#.#
#...........#.# #...# #.#.#
#.#########.#.# #...# #.#.### #.#
#.#.#####.#)# #.#.... #.#
#.#.......#># #.##### ..#
#.###############.# ###
#.................#


You could see a gnoll.

Vanquished Creatures
  2 gnolls (D:2)
  An adder (D:2)
  An ooze (D:1)
  2 dart slugs (D:1)
  2 orcs
  A ball python (D:2)
  6 bats
  4 giant cockroaches
  7 goblins
  3 hobgoblins
  4 frilled lizards (D:2)
  4 kobolds
  4 rats (D:2)
41 creatures vanquished.

Notes
Turn   | Place    | Note
-------+----------+-------------------------------------------
     0 | D:1      | Chiseanne the Demonspawn Wizard began the quest for the
                  | Orb.
     0 | D:1      | Reached XP level 1. HP: 13/13 MP: 4/4
     0 | D:1      | Noticed a troll
     7 | D:1      | Noticed an elf
    15 | D:1      | Noticed a felid
    17 | D:1      | Noticed a human
    19 | D:1      | Noticed an elf
   285 | D:1      | Gained mutation: You have sharp fingernails. [demonic
                  | ancestry]
   285 | D:1      | Reached XP level 2. HP: 13/19 MP: 0/6
   972 | D:1      | Learned a level 2 spell: Blink
  1295 | D:1      | Gained mutation: You are immune to rotting. [demonic
                  | ancestry]
  1295 | D:1      | Reached XP level 3. HP: 14/24 MP: 0/8
  1896 | D:2      | Learned a level 3 spell: Conjure Flame
  1900 | D:2      | Learned a level 3 spell: Mephitic Cloud
  2189 | D:3      | Noticed Ijyb
  2575 | D:2      | Gained mutation: When hurt, damage is shared between your
                  | health and your magic reserves. [demonic ancestry]
  2575 | D:2      | Reached XP level 4. HP: 19/30 MP: 2/9
  2691 | D:2      | Slain by a gnoll

Levels and vault maps discovered:
D:1:      shiori_arrival_whats_in_store_for_you, layout_loops_corners
D:2:      layout_basic, kennysheep_path_1
D:3:      layout_rooms, first_ration, nemelex_diamond_rough_becter, uniq_ijyb,
          uniq_crazy_yiuf_cottage

Skill      XL: |  1  2 |
---------------+-------+-----
Conjurations   | 2 |  2.9
Dodging        | |  1.7
Stealth        | |  1.7
Spellcasting   | |  3.9
Summonings     | |  1.0
Translocations | |  0.8

Action                   |  1- 3 |  4- 6 || total
-------------------------+-------+-------++-------
Melee: Dagger            |    28 |       ||    28
 Cast: Magic Dart        |    94 |     6 ||   100
       Blink             |       |     1 ||     1
  Use: Scroll            |     8 |       ||     8
       Potion            |     2 |       ||     2
  Eat: Chunk             |     1 |     1 ||     2
       Ration            |     1 |       ||     1
Armor: Robe              |     6 |     1 ||     7
Dodge: Dodged            |    29 |     8 ||    37

Table legend:
 A = Non-vault XP
 B = Vault XP
 C = Vault XP percentage of total XP
 D = Non-vault monster count
 E = Vault monster count
 F = Vault count percentage of total count
                 A         B        C        D         E       F
            +---------+---------+-------+---------+---------+-------
      Total |     112 |       0 |   0.0 |      41 |       0 |   0.0
            +---------+---------+-------+---------+---------+-------
        D:1 |      42 |       0 |   0.0 |      19 |       0 |   0.0
        D:2 |      64 |       0 |   0.0 |      19 |       0 |   0.0
        D:3 |       6 |       0 |   0.0 |       3 |       0 |   0.0
            +---------+---------+-------+---------+---------+-------
